 Dungeon Crawl Stone Soup version 0.24-a0-443-g80245de385 (webtiles) character file.

Game seed: 13272655087694442689

18 KristoblXynda the Scratcher (level 2, 0/12 HPs)
             Began as a Felid Transmuter on June 21, 2019.
             Slain by a hobgoblin
             ... wielding a +0 club
              (4 damage)
             ... on level 1 of the Dungeon.
             The game lasted 00:01:13 (919 turns).

KristoblXynda the Scratcher (Felid Transmuter)       Turns: 919, Time: 00:01:13

Health: 0/12       AC:  1    Str:  6    XL:     2   Next: 51%
Magic:  6/6        EV: 18    Int: 14    God:
Gold:   37         SH:  0    Dex: 16    Spells: 4/5 levels left
                                        Lives:  0   Deaths: 0

rFire    . . .     SeeInvis +     - Unarmed
rCold    . . .     Gourm    .   (shield unavailable)
rNeg     . . .     Faith    .   (armour unavailable)
rPois    .         Spirit   .   (helmet unavailable)
rElec    .         Reflect  .   (cloak unavailable)
rCorr    .         Harm     .   (gloves unavailable)
MR       .....                  (boots unavailable)
Stlth    ++........             (no amulet)
HPRegen  0.04/turn              (no ring)
MPRegen  0.10/turn              (no ring)

@: appendage (expiring), quick
A: very small, no armour, no weapons or thrown items, stealth, claws 1, fangs 3,
horns 2, see invisible, carnivore, speed 1, shaggy fur 1, slow metabolism 1,
sharp paws
a: End Transformation


You were on level 1 of the Dungeon.
You were completely stuffed.
You had grown temporary horns.
You visited 1 branch of the dungeon, and saw 1 of its levels.

You collected 37 gold pieces.

Inventory:

Scrolls
 e - a scroll of immolation {unknown}
 g - a scroll of magic mapping {unknown}
 k - a scroll of identify {unknown}
Potions
 b - a potion of might {unknown}
 d - a potion of resistance {unknown}
 h - a potion of magic {unknown}
 i - a potion of curing {unknown}
 j - a potion of brilliance {unknown}
Comestibles
 a - a chunk of flesh
 c - 3 rations


   Skills:
 - Level 1.0 Fighting
 + Level 3.2 Dodging
 + Level 1.4 Stealth
 + Level 3.2 Unarmed Combat
 - Level 2.0 Spellcasting
 + Level 2.5 Transmutations


You had 4 spell levels left.
You knew the following spells:

 Your Spells              Type           Power        Failure   Level  Hunger
a - Beastly Appendage     Tmut           #.....       9%          1    ##.....

Your spell library contained the following spells:

 Spells                   Type           Power        Failure   Level  Hunger
 Sticks to Snakes         Tmut           #.......     13%         2    ###....
 Spider Form              Tmut/Pois      #.........   38%         3    ####...
 Ice Form                 Ice/Tmut       #.......     80%         4    #####..
 Blade Hands              Tmut           #.........   93%         5    ######.


Dungeon Overview and Level Annotations

Branches:
Dungeon (1/15)

Altars:


Innate Abilities, Weirdness & Mutations

You cannot wear armour.
You are incapable of wielding weapons or throwing items.
Your paws allow you to move quietly. (Stealth)
You have sharp claws.
You have razor-sharp teeth.
You have supernaturally acute eyesight. (SInv)
You are carnivorous and can eat meat at any time.
You cover ground quickly.
You are covered in fur. (AC +1)
You have a slow metabolism.
Your sharp claws are effective at attacking unaware monsters.
You have a pair of horns on your head.


Message History

You scratch the bat.
You kill the bat!
You scratch the hobgoblin but do no damage.
The hobgoblin misses you.
You scratch the hobgoblin.
The hobgoblin is lightly wounded.
The hobgoblin misses you.
You barely miss the hobgoblin. Your headbutt misses the hobgoblin.
The hobgoblin is lightly wounded.
Your transformation is almost over.
The hobgoblin barely misses you.
You scratch the hobgoblin but do no damage.
The hobgoblin is lightly wounded.
You scratch the hobgoblin but do no damage.
The hobgoblin is lightly wounded.
The hobgoblin misses you.
You closely miss the hobgoblin.
The hobgoblin is lightly wounded.
The hobgoblin hits you with a +0 club.
You die...

######### #........
#.####### ##### #.#####.#
##...# #####[#.....#
##....#######.....#####.#
#.....(g@................
##
###....########.#####.....#
.. #......# #.# #.#....
#.##......# #.# #.#.###
#.........# #.#####.#.# #
#....#.รท..# #.......#.# #
#...g#....# #####...#.###
#...?#.#### #.......#....
#....#.# ....(...#....


You could see a hobgoblin.

Vanquished Creatures
  2 leopard geckos (D:1)
  4 goblins (D:1)
  A hobgoblin (D:1)
  6 bats (D:1)
  3 rats (D:1)
16 creatures vanquished.

Notes
Turn   | Place    | Note
-------+----------+-------------------------------------------
     0 | D:1      | KristoblXynda the Felid Transmuter began the quest for the
                  | Orb.
     0 | D:1      | Reached XP level 1. HP: 9/9 MP: 4/4
   205 | D:1      | Reached skill level 1 in Stealth
   232 | D:1      | Reached XP level 2. HP: 12/12 MP: 6/6
   919 | D:1      | Slain by a hobgoblin

Levels and vault maps discovered:
D:1:      dpeg_arrival_subterranean_lakeside_camping, layout_basic

Skill      XL: |  1 |
---------------+----+-----
Dodging        | 3 |  3.2
Stealth        | 1 |  1.4
Fighting       | |  1.0
Unarmed Combat | |  3.2
Spellcasting   | |  2.0
Transmutations | |  2.5

Action                   || total
-------------------------++-------
Melee: Unarmed           ||    50
       Headbutt          ||     6
       Bite              ||     2
 Cast: Beastly Appendage ||     5
 Stab: Sleeping          ||     1
  Eat: Chunk             ||     7
Armor: Skin              ||     5
Dodge: Dodged            ||    43

Table legend:
 A = Non-vault XP
 B = Vault XP
 C = Vault XP percentage of total XP
 D = Non-vault monster count
 E = Vault monster count
 F = Vault count percentage of total count
                 A         B        C        D         E       F
            +---------+---------+-------+---------+---------+-------
      Total |      19 |       8 |  29.6 |      10 |       6 |  37.5
            +---------+---------+-------+---------+---------+-------
        D:1 |      19 |       8 |  29.6 |      10 |       6 |  37.5
            +---------+---------+-------+---------+---------+-------
